 Adventure DCSS version bcrawl-1.27.3 (webtiles) character file.

Game seed: 15381312039477718577

288859 galech the Cleaver (level 12, -2/99 HPs)
             Began as a Demonspawn Fighter on Aug 4, 2020.
             Was a High Priest of Okawaru.
             Slain by a dream sheep (5 damage)
             ... on level 6 of the Lair of Beasts.
             The game lasted 00:20:12 (16262 turns).

galech the Cleaver (Demonspawn Fighter)            Turns: 16262, Time: 00:20:12

Health: -2/99      AC: 20    Str: 22    XL:     12   Next: 1%
Magic:  13/13      EV:  7    Int: 10    God:    Okawaru [*****.]
Gold:   672        SH: 12    Dex: 12    Spells: 11/11 levels left
                                        Lives:  0   Deaths: 2

rFire    + . .     SeeInvis .   m - +4 hand axe (flame)
rCold    . . .     Gourm    .   c - +0 medium shield
rNeg     . . .     Faith    .   n - +3 chain mail {MR+}
rPois    +         Spirit   .   (no helmet)
rElec    .         Reflect  .   K - +1 cloak {+Inv}
rCorr    +         Harm     .   s - +0 pair of gloves
MR       +....                  (no boots)
Stlth    ..........             (no amulet)
HPRegen  0.26/turn              h - ring of resist corrosion
MPRegen  0.13/turn              G - ring of poison resistance

@: no status effects
A: talons 2, rugged brown scales 2, demonic guardian 1, fire resistance 1
a: Heroism, Finesse, Renounce Religion, Evoke Invisibility


You were on level 6 of the Lair of Beasts.
You worshipped Okawaru.
Okawaru was extremely pleased with you.
You were not hungry.

You visited 3 branches of the dungeon, and saw 17 of its levels.

You collected 858 gold pieces.
You spent 186 gold pieces at shops.

Inventory:

Hand Weapons
 a - a +0 war axe
 m - a +4 hand axe of flaming (weapon)
 M - the +9 staff of Olgreb {rPois}
   (You found it on level 3 of the Lair of Beasts)

   It protects you from poison.
Missiles
 O - 3 throwing nets {=f}
Armour
 c - a +0 medium shield (worn)
 n - a +3 chain mail of magic resistance (worn)
 s - a +0 pair of gloves (worn)
 D - a +1 chain mail of cold resistance
 K - a +1 cloak of invisibility (worn)
 Q - a scarf of clouds
 S - the +0 robe of the End {rF+ MR++}
   (Okawaru gifted it to you on level 6 of the Lair of Beasts)

   It protects you from fire.
   It affects your resistance to hostile enchantments.
Jewellery
 h - a ring of resist corrosion (left hand)
 A - an uncursed ring of stealth
 G - a ring of poison resistance (right hand)
 I - the amulet of the Postmodern Tales {Inacc rF+}
   (You found it on level 2 of the Lair of Beasts)

   [amulet of inaccuracy]

   It reduces the accuracy of all your attacks.
   It protects you from fire.
Wands
 x - a wand of random effects (26)
 y - a wand of disintegration (23)
 F - a wand of flame (33)
 H - a wand of acid (18)
 P - a wand of polymorph (8)
Scrolls
 f - 7 scrolls of remove curse
 g - 6 scrolls of teleportation
 o - 3 scrolls of fog
 p - 3 scrolls of enchant weapon
 r - 4 scrolls of amnesia
 t - 6 scrolls of enchant armour
 u - a scroll of blinking
 v - 2 scrolls of fear {unknown}
 w - 5 scrolls of identify
 z - 4 scrolls of immolation
 B - 2 scrolls of magic mapping
 J - a scroll of brand weapon {unknown}
Potions
 b - 2 potions of degeneration
 d - 8 potions of might
 i - 3 potions of lignification
 j - 6 potions of brilliance
 k - 4 potions of heal wounds
 l - 13 potions of curing
 q - 2 potions of resistance
 C - 2 potions of haste
 E - a potion of mutation
 L - 2 potions of agility {unknown}
 N - a potion of magic {unknown}
Comestibles
 e - 22 rations {!d}
 R - 6 chunks of flesh


   Skills:
 + Level 9.3 Fighting
 + Level 11.5 Axes
 + Level 5.6 Staves
 + Level 10.3 Armour
 + Level 3.9 Dodging
 + Level 4.0 Stealth
 + Level 9.8 Shields
 + Level 2.3 Invocations


You had 11 spell levels left.
You didn't know any spells.
Your spell library contained the following spells:

 Spells                   Type           Power        Failure   Level  Hunger
 Apportation              Tloc           #.....       100%        1    None
 Infusion                 Chrm           #.......     100%        1    None
 Sandblast                Erth           #.....       100%        1    None
 Shock                    Conj/Air       #....        100%        1    None
 Slow                     Hex            #.......     100%        1    None
 Summon Butterflies       Summ           #.......     100%        1    None
 Song of Slaying          Chrm           #.......     100%        2    ####...
 Swiftness                Chrm/Air       #.......     100%        2    ####...
 Confuse                  Hex            #.......     100%        3    #####..
 Dazzling Orbs            Conj/Hex       #......      100%        3    #####..
 Ozocubu's Armour         Chrm/Ice       #.......     100%        3    #####..
 Regeneration             Chrm/Necr      #.........   100%        3    #####..
 Spectral Weapon          Hex/Chrm       #.......     100%        3    #####..
 Static Discharge         Air            #.......     100%        3    #####..
 Airstrike                Air            #.........   100%        4    ######.
 Petrify                  Tmut/Erth      #.........   100%        4    ######.
 Yara's Violent Unravell  Hex/Tmut       #.........   100%        4    ######.
 Lightning Bolt           Conj/Air       #.........   100%        5    #######
 Metabolic Englaciation   Hex/Ice        #.........   100%        5    #######
 Mana Rupture             Conj/Hex       #.........   100%        7    #######


Dungeon Overview and Level Annotations

Branches:
Dungeon (10/12)            Temple (1/1) D:5            Lair (6/6) D:7
 Shoals (0/3) Lair:4        Snake (0/3) Lair:4          Orc (0/1) D:9
  Slime: Lair:5-6

Altars:
Ashenzari
Cheibriados
Dithmenos
Elyvilon
Fedhas
Gozag
Hepliaklqana
Kikubaaqudgha
Lugonu
Makhleb
Nemelex Xobeh
Okawaru
Qazlal
Ru
Sif Muna
Trog
Uskayaw
Vehumet
Wu Jian
Xom
Yredelemnul
Zin
The Shining One

Shops:
D:7 ?   D:9 %

Annotations:
Lair:6 exclusion: oklob plant


Innate Abilities, Weirdness & Mutations

You have razor-sharp toenails.
You are mostly covered in rugged brown scales. (AC +2, +5% HP)
A weak demonic guardian rushes to your aid.
Your flesh is heat resistant. (rF+)


Message History

The basilisk gazes at you. You resist with almost no effort.
The basilisk bites you but does no damage.
The dream sheep bites you.
You wake up.
* * * LOW HITPOINT WARNING * * *
The basilisk gazes at you. You resist with almost no effort.
No path to travel!
You hit the basilisk but do no damage.
You claw the basilisk, but do no damage.
The basilisk is almost dead.
You completely miss the dream sheep. You block the dream sheep's attack.
The basilisk bites you!
* * * LOW HITPOINT WARNING * * *
No path to travel!
You slash the dream sheep! You burn the dream sheep. You claw the dream sheep.
The dream sheep is heavily wounded.
You miss the basilisk. You hit the dream sheep. You burn the dream sheep.
The dream sheep bites you.
You die...

#....## .....#.#.....
##...P#. ............
####.....##
..........###.......#..
(........ #.P.........
#...... ##.?.........
#..Y.###÷÷....#.....
#.##.#lYY.%.÷.....##....
......5@..†....#.##.....
...............####.....
.....#........##.#....##
.###..P...######.....##
##.....# #......##
..P....# #.....P..†
......... .......#..†
.......... .....##....
..... ##...


You could see a basilisk, 3 dream sheep and a friendly iron imp.

Vanquished Creatures
  Urug (Lair:4)
  Harold (Lair:3)
  3 hydras
  A catoblepas (Lair:5)
  Psyche (D:9)
  A centaur warrior (D:9)
  Erica (D:9)
  A lindwurm (Lair:5)
  9 elephants
  2 torpor snails
  6 black mambas
  Joseph (D:9)
  7 cane toads
  A rime drake (Lair:6)
  6 komodo dragons
  A polar bear (Lair:6)
  3 merfolk (Lair:4)
  8 blink frogs
  2 dream sheep (Lair:6)
  7 hippogriffs
  16 yaks
  3 basilisks
  2 wyverns (Lair:4)
  4 hogs (D:7)
  A hungry ghost (D:7)
  9 crocodiles
  11 porcupines
  10 water moccasins
  An orc warrior (D:9)
  5 sky beasts
  3 ice beasts
  A phantom (D:6)
  3 black bears
  9 wolves (Lair:4)
  5 ogres
  A centaur (D:8)
  A big kobold (D:6)
  9 bullfrogs
  A wyvern skeleton (D:7)
  4 wights
  2 howler monkeys
  2 centaur zombies
  A quasit (D:8)
  3 hounds
  4 orc priests
  A bullfrog skeleton (D:6)
  2 jellies (D:6)
  4 orc wizards
  2 iguanas
  Terence (D:2)
  A hell rat (D:7)
  7 worker ants
  A killer bee zombie (D:4)
  A hound zombie (D:7)
  3 howler monkey skeletons
  7 river rats (D:7)
  10 adders
  2 shadow imps
  2 oozes
  An adder zombie (D:4)
  5 worms
  2 dart slugs (D:1)
  3 leopard geckos
  16 orcs
  7 bats
  4 giant cockroaches
  2 goblins
  5 hobgoblins
  11 jackals
  8 quokkas
  2 ball pythons
  4 frilled lizards
  7 kobolds
  A quokka zombie (D:5)
  22 rats
  8 fungi (D:7)
326 creatures vanquished.

Vanquished Creatures (collateral kills)
  A merfolk siren (Lair:4)
  2 elephants (Lair:5)
  A centaur skeleton (D:6)
  3 yaks
  A human (D:7)
  A hungry ghost (D:9)
  2 wolves
  5 bullfrogs
  A scorpion (D:9)
  A crimson imp (D:7)
  A hound (D:7)
  An orc (D:8)
  2 quokkas (D:7)
  A rat (D:7)
  A plant (D:7)
24 creatures vanquished.

Vanquished Creatures (others)
  41 fungi
  13 plants
54 creatures vanquished.

Grand Total: 404 creatures vanquished

Notes
Turn   | Place    | Note
-------+----------+-------------------------------------------
     0 | D:1      | galech the Demonspawn Fighter began the quest for the Orb.
     0 | D:1      | Reached XP level 1. HP: 18/18 MP: 1/1
   449 | D:1      | Gained mutation: You are partially covered in rugged brown
                  | scales. (AC +1, +3% HP) [demonic ancestry]
   449 | D:1      | Reached XP level 2. HP: 14/24 MP: 2/2
   657 | D:1      | Reached skill level 2 in Axes
  1127 | D:1      | Gained mutation: You have sharp toenails. [demonic
                  | ancestry]
  1127 | D:1      | Reached XP level 3. HP: 28/29 MP: 3/3
  1520 | D:2      | Gained mutation: Your flesh is heat resistant. (rF+)
                  | [demonic ancestry]
  1520 | D:2      | Reached XP level 4. HP: 28/36 MP: 4/4
  1626 | D:2      | Noticed Terence
  1633 | D:2      | Killed Terence
  1633 | D:2      | Reached skill level 3 in Axes
  2304 | D:3      | Reached XP level 5. HP: 31/42 MP: 5/5
  2669 | D:2      | Found an ornate altar of the Wu Jian Council.
  2716 | D:4      | Reached skill level 4 in Axes
  2802 | D:4      | Gained mutation: A weak demonic guardian rushes to your
                  | aid. [demonic ancestry]
  2802 | D:4      | Reached XP level 6. HP: 48/48 MP: 6/6
  3225 | D:5      | Entered Level 5 of the Dungeon
  3288 | D:5      | Noticed an ice beast
  3300 | D:5      | Killed an ice beast
  3457 | D:5      | Reached skill level 5 in Axes
  3457 | D:5      | Reached XP level 7. HP: 44/54 MP: 7/7
  3654 | D:5      | Reached skill level 1 in Dodging
  3969 | D:5      | Found a sparkling altar of Nemelex Xobeh.
  3978 | D:5      | Found a glowing golden altar of the Shining One.
  3987 | D:5      | Found a glowing silver altar of Zin.
  4000 | D:5      | Found an ancient bone altar of Kikubaaqudgha.
  4151 | D:5      | Found a staircase to the Ecumenical Temple.
  4270 | Temple   | Entered the Ecumenical Temple
  4565 | D:6      | Reached skill level 1 in Stealth
  4670 | D:6      | Reached skill level 6 in Axes
  4670 | D:6      | Gained mutation: You have razor-sharp toenails. [demonic
                  | ancestry]
  4670 | D:6      | Reached XP level 8. HP: 60/61 MP: 8/8
  4914 | D:6      | Reached skill level 5 in Armour
  5360 | D:7      | Reached skill level 5 in Shields
  5365 | D:7      | Reached skill level 7 in Axes
  5491 | D:7      | Reached skill level 5 in Fighting
  5617 | D:6      | Reached XP level 9. HP: 39/70 MP: 9/9
  5990 | D:7      | Found a shattered altar of Ashenzari.
  5990 | D:7      | Found an iron altar of Okawaru.
  5991 | D:7      | Found an opulent altar of Gozag.
  5997 | D:7      | Became a worshipper of Warmaster Okawaru
  6103 | D:7      | Reached skill level 8 in Axes
  6396 | D:7      | Reached * piety under Okawaru
  6413 | D:7      | Found a staircase to the Lair.
  6837 | D:7      | Found Soijing Hiri's Magic Scroll Boutique.
  6840 | D:7      | Bought a scroll of identify for 22 gold pieces
  6840 | D:7      | Bought a scroll of magic mapping for 38 gold pieces
  6840 | D:7      | Bought a scroll of enchant armour for 82 gold pieces
  6840 | D:7      | Bought a scroll of identify for 22 gold pieces
  6840 | D:7      | Bought a scroll of identify for 22 gold pieces
  7064 | D:7      | Reached ** piety under Okawaru
  7073 | D:7      | Reached skill level 9 in Axes
  7073 | D:7      | Reached XP level 10. HP: 47/78 MP: 10/10
  7412 | D:8      | Found a shadowy altar of Dithmenos.
  7414 | D:8      | Found a stormy altar of Qazlal.
  7415 | D:8      | Found a shimmering blue altar of Sif Muna.
  7434 | D:8      | Reached *** piety under Okawaru
  7728 | D:8      | Found a shimmering altar of Xom.
  8168 | D:9      | Noticed Erica
  8181 | D:9      | Killed Erica
  8218 | D:9      | Found Mapsif's Food Shop.
  8334 | D:9      | Found a staircase to the Orcish Mines.
  8403 | D:9      | Noticed Joseph
  8403 | D:9      | Noticed a centaur warrior
  8424 | D:9      | Killed Joseph
  8424 | D:9      | Reached **** piety under Okawaru
  8433 | D:9      | Killed a centaur warrior
  8433 | D:9      | Reached skill level 10 in Axes
  8700 | D:9      | Reached ***** piety under Okawaru
  8700 | D:9      | Gained mutation: You are mostly covered in rugged brown
                  | scales. (AC +2, +5% HP) [demonic ancestry]
  8700 | D:9      | Reached XP level 11. HP: 72/88 MP: 11/11
  8751 | D:9      | Noticed Psyche
  8863 | D:9      | Killed Psyche
  8863 | D:9      | Reached skill level 1 in Invocations
  9047 | D:9      | Found a sacrificial altar of Ru.
  9464 | D:10     | Entered Level 10 of the Dungeon
  9487 | D:10     | Noticed a green ugly thing
  9487 | D:10     | Noticed a tengu warrior
  9564 | Lair:1   | Entered Level 1 of the Lair of Beasts
 10782 | Lair:2   | Got a sparkling golden amulet
 10973 | Lair:2   | Received a gift from Okawaru
 10987 | Lair:2   | Identified the cursed amulet of the Postmodern Tales {Inacc
                  | rF+} (You found it on level 2 of the Lair of Beasts)
 11890 | Lair:3   | Found the +9 staff of Olgreb {rPois}
 12070 | Lair:3   | Noticed Harold
 12093 | Lair:2   | Reached skill level 11 in Axes
 12319 | Lair:3   | Killed Harold
 12721 | Lair:3   | Noticed a four-headed hydra
 12727 | Lair:3   | Killed a one-headed hydra
 12727 | Lair:3   | Reached XP level 12. HP: 73/98 MP: 13/13
 13248 | Lair:4   | Noticed Urug
 13272 | Lair:4   | Killed Urug
 13404 | Lair:4   | HP: 1/98 [komodo dragon (18)]
 13405 | Lair:4   | Mangled by a komodo dragon
 13406 | Lair:4   | Reached XP level 11. HP: -7/91 MP: 12/12
 13413 | Lair:4   | Received a gift from Okawaru
 13570 | Lair:4   | Reached skill level 1 in Staves
 13604 | Lair:4   | Found a staircase to the Shoals.
 13625 | Lair:4   | HP: 2/91 [merfolk/+0 trident (13)]
 13798 | Lair:4   | Found a staircase to the Snake Pit.
 14336 | Lair:5   | Noticed a lindwurm
 14473 | Lair:5   | Killed a lindwurm
 14550 | Lair:5   | Received a gift from Okawaru
 15032 | Lair:5   | Reached XP level 12. HP: 44/99 MP: 10/13
 15435 | Lair:6   | Entered Level 6 of the Lair of Beasts
 15452 | Lair:6   | Noticed a catoblepas
 15473 | Lair:5   | Slain by a catoblepas
 15474 | Lair:5   | Reached XP level 11. HP: -2/93 MP: 12/12
 15479 | Lair:5   | Killed a catoblepas
 15503 | Lair:6   | Reached skill level 10 in Armour
 15755 | Lair:6   | Noticed an oklob plant
 15967 | Lair:6   | Received a gift from Okawaru
 16008 | Lair:6   | Got a transparent robe {god gift}
 16021 | Lair:6   | Identified the +0 robe of the End {rF+ MR++} (Okawaru
                  | gifted it to you on level 6 of the Lair of Beasts)
 16155 | Lair:6   | Reached skill level 5 in Staves
 16157 | Lair:6   | Noticed a five-headed hydra
 16166 | Lair:6   | Killed a one-headed hydra
 16236 | Lair:6   | Noticed a five-headed hydra
 16250 | Lair:6   | Killed a one-headed hydra
 16256 | Lair:6   | Reached XP level 12. HP: 20/99 MP: 13/13
 16261 | Lair:6   | HP: 3/99 [basilisk (14)]
 16262 | Lair:6   | Slain by a dream sheep

Skill      XL: |  1  2  3  4  5  6  7  8  9 10 11 12 |
---------------+-------------------------------------+-----
Armour         | 3 4 5 6 7 10 9 | 10.3
Axes           | 2 3 4 5 6 7 9 10 11 | 11.5
Shields        | 3 4 5 6 7 9 |  9.8
Fighting       | 4 5 7 9 |  9.3
Dodging        | 1 2 3 |  3.9
Stealth        | 1 2 4 |  4.0
Invocations    | 1 2 |  2.3
Staves         | 5 4 |  5.6

Action                   |  1- 3 |  4- 6 |  7- 9 | 10-12 || total
-------------------------+-------+-------+-------+-------++-------
Melee: War axe           |    96 |    16 |       |       ||   112
       Kick              |    10 |    36 |    81 |   307 ||   434
       Hand axe          |       |   120 |   307 |   507 ||   934
       Staff             |       |       |       |   392 ||   392
Invok: Heroism           |       |       |       |    14 ||    14
       Finesse           |       |       |       |     2 ||     2
Evoke: Staff of Olgreb   |       |       |       |     3 ||     3
  Use: Scroll            |       |     7 |     1 |    11 ||    19
       Potion            |       |       |       |     2 ||     2
 Stab: Distracted        |       |     1 |     2 |    15 ||    18
  Eat: Chunk             |     5 |    11 |    17 |    44 ||    77
       Ration            |       |       |     1 |     1 ||     2
Armor: Scale mail        |    13 |       |       |       ||    13
       Chain mail        |    63 |    83 |   181 |   511 ||   838
Dodge: Dodged            |    15 |    19 |    40 |   243 ||   317
Block: Medium shield     |    64 |    73 |   132 |   542 ||   811
